AoeStats
← GoldPhantom

Pilgrims

508000438Analyzed
4v4 RM · 13d ago on Sep 20, 2026· 80m 22s· 8 players
Game mode
Random Map
Map size
Large (8 player)
Population
200
Speed
Normal
Resources
Standard
Victory
Conquest
Starting age
Dark Age
Ending age
Imperial Age
RankedLock teamsTeams togetherTeam positionsShared explorationLock speedFull tech treeHidden civsTurbo modeCheats
Victory
Defeat
🇬🇧 Maya · United Kingdom
851
+15
🇬🇧 Wu · United Kingdom
818
+17
🇬🇧 Huns · United Kingdom
799
+39
🇬🇧 Portuguese · United Kingdom
761
+19
🇩🇪 Khmer · Germany
838
-17
837
-17
🇻🇳 Vietnamese · Vietnam
825
-39
🇭🇰 Lithuanians · Hong Kong SAR China
818
-17
Madmanmfc6038
9:57 Loom
18:06 Feudal Age
19:31 Wheelbarrow
18:46 Town Watch
19:35 Fishing Lines
29:03 Castle Age
30:27 Gold Mining
31:22 Husbandry
31:34 Bloodlines
30:48 Light Cavalry
31:54 Hand Cart
36:25 Imperial Age
34:22 Horse Collar
35:23 Sanctity
35:25 Stone Mining
36:24 Gold Shaft Mining
37:03 Gillnets
39:31 Cavalier
44:51 Paladin
51:27 Scale Barding Armor
51:23 Scale Mail Armor
52:17 Heavy Plow
admurray0799
7:55 Loom
14:38 Feudal Age
15:25 Double-Bit Axe
20:30 Castle Age
23:07 Bow Saw
23:34 Squires
23:58 Forging
23:49 Scale Mail Armor
23:52 Fishing Lines
24:35 Gold Mining
25:20 Arson
27:58 Gold Shaft Mining
28:31 Chain Mail Armor
29:01 Pikeman
31:10 Iron Casting
36:00 Imperial Age
39:15 Halberdier
42:08 Blast Furnace
41:38 Plate Mail Armor
40:59 Fletching
42:28 Red Cliffs Tactics
42:36 Red Cliffs Tactics
44:30 Light Cavalry
46:38 Bodkin Arrow
46:44 Padded Archer Armor
47:48 Chemistry
46:30 Treadmill Crane
48:15 Bracer
48:31 Leather Archer Armor
49:15 Conscription
53:32 Heavy Hei Guang Cavalry
54:13 Husbandry
54:29 Scale Barding Armor
56:53 Wheelbarrow
57:54 Chain Barding Armor
58:24 Stone Mining
61:05 Bloodlines
64:58 Stone Shaft Mining
64:49 Conscription
65:45 Hand Cart
71:31 Ballistics
71:02 Heated Shot
71:23 Masonry
71:08 Murder Holes
71:24 Clinker Construction
71:20 Siphons
71:06 Guard Tower
72:40 Town Watch
72:18 Man-at-Arms
73:35 Plate Barding Armor
72:24 Demolition Ship
73:17 Medium Warships
72:57 Gillnets
73:45 Architecture
73:38 Sanctity
73:18 Devotion
76:15 Town Patrol
75:58 Horse Collar
76:58 Carvel Hull
76:02 Long Swordsman
77:34 Two-Handed Swordsman
77:39 Hussar
78:49 Sitting Tiger
Ozzel
4:33 Loom
12:17 Feudal Age
20:45 Castle Age
19:04 Town Watch
19:22 Double-Bit Axe
20:38 Bloodlines
21:13 Scale Barding Armor
23:48 Husbandry
25:02 Gold Mining
25:02 Stone Mining
27:50 Horse Collar
30:51 Forging
31:33 Chain Barding Armor
33:19 Iron Casting
41:33 Imperial Age
41:53 Cavalier
43:13 Plate Barding Armor
42:44 Scale Mail Armor
44:36 Heavy Plow
47:18 Blast Furnace
47:34 Circumnavigation
49:34 Conscription
50:09 Elite Organ Gun
50:46 Pikeman
51:23 Fletching
51:37 Padded Archer Armor
55:50 Arquebus
55:27 Halberdier
65:03 Sappers
65:52 Chain Mail Armor
65:53 Leather Archer Armor
65:33 Bodkin Arrow
65:23 Elite Caravel
68:45 Elite Caravel
78:24 Spies/Treason
charlie99cfc
7:46 Loom
13:29 Feudal Age
15:53 Gold Mining
22:35 Castle Age
22:31 Fletching
24:57 Double-Bit Axe
24:56 Horse Collar
24:48 Crossbowman
25:29 Bodkin Arrow
26:38 Bow Saw
29:04 Thumb Ring
29:53 Padded Archer Armor
30:29 Ballistics
32:22 Wheelbarrow
32:39 Heavy Plow
34:35 Hand Cart
37:33 Imperial Age
37:49 Leather Archer Armor
37:23 Treadmill Crane
37:21 Eagle Warrior
37:39 Arbalester
40:35 Elite Eagle Warrior
42:27 Chemistry
42:14 Squires
41:59 Arson
42:21 Bracer
44:26 Capped Ram
46:08 Ring Archer Armor
45:38 Scale Mail Armor
45:49 Forging
48:48 Chain Mail Armor
49:09 Iron Casting
49:30 Siege Ram
56:22 Plate Mail Armor
56:53 Blast Furnace
65:34 Conscription
65:46 Holcans
72:04 Clinker Construction
72:06 Careening
72:21 Shipwright
72:12 Clinker Construction
72:12 Careening
73:09 Medium Warships
74:34 Heavy Warships
75:29 Demolition Ship
78:11 Spies/Treason
ПашаВеслоАгАним
12:51 Feudal Age
13:22 Double-Bit Axe
16:25 Wheelbarrow
22:36 Castle Age
23:16 Bloodlines
25:03 Bow Saw
29:51 Hand Cart
29:55 Forging
32:52 Imperial Age
32:58 Imperial Age
31:00 Husbandry
30:21 Light Cavalry
31:41 Iron Casting
31:12 Scale Barding Armor
34:18 Hussar
36:22 Chain Barding Armor
39:32 Plate Barding Armor
39:57 Blast Furnace
40:36 Chemistry
39:57 Ballistics
65:29 Demolition Ship
Ertan Bacanak
do.minhdes
28:07 Loom
31:22 Feudal Age
31:21 Loom
36:39 Town Watch
37:30 Wheelbarrow
37:01 Fishing Lines
43:14 Fletching
43:25 Padded Archer Armor
43:25 Scale Mail Armor
43:31 Scale Barding Armor
43:37 Forging
63:18 Bloodlines
75:36 Castle Age
GoldPhantom
4:24 Loom
11:07 Feudal Age
11:54 Double-Bit Axe
22:01 Castle Age
20:25 Horse Collar
21:42 Bloodlines
23:29 Wheelbarrow
25:07 Bow Saw
26:36 Hand Cart
26:07 Town Watch
28:18 Forging
29:33 Scale Barding Armor
30:03 Fletching
29:58 Elite Skirmisher
31:56 Husbandry
31:52 Pikeman
32:33 Squires
35:41 Chain Barding Armor
38:07 Iron Casting
37:36 Padded Archer Armor
43:55 Imperial Age
46:05 Conscription
45:07 Elite Leitis
46:52 Bodkin Arrow
48:22 Plate Barding Armor
53:15 Caravan
Connection lost

Rejoining the realm…

Still unreachable

The connection could not be restored.

Session expired

The server has moved on; the page needs a fresh start.